 Dungeon Crawl Stone Soup version 0.24-a0-275-g6f7e2cb (webtiles) character file.

Game seed: 3756147893015591941

105 Inarius the Chopper (level 4, -10/44 HPs)
             Began as a Troll Fighter on Apr 28, 2019.
             Killed by nerve-wracking pain
             ... invoked by an orc priest
              (14 damage)
             ... on level 3 of the Dungeon.
             The game lasted 00:03:24 (2096 turns).

Inarius the Chopper (Troll Fighter)                 Turns: 2096, Time: 00:03:25

Health: -10/44     AC:  6    Str: 25    XL:     4   Next: 54%
Magic:  3/3        EV:  8    Int:  4    God:
Gold:   52         SH:  9    Dex:  9    Spells: 3/3 levels left

rFire    . . .     SeeInvis +   a - +0 war axe
rCold    . . .     Gourm    +   c - +0 shield
rNeg     . . .     Faith    .   b - +0 robe
rPois    .         Spirit   .   (helmet restricted)
rElec    .         Reflect  .   (no cloak)
rCorr    .         Harm     .   (gloves unavailable)
MR       .....                  (boots unavailable)
Stlth    +.........             (no amulet)
HPRegen  0.54/turn              e - ring of see invisible
MPRegen  0.08/turn              (no ring)

@: no status effects
A: large, unfitting armour, claws 3, fast metabolism 3, gourmand, regeneration
1, shaggy fur 1, tough skin 3
a: no special abilities


You were on level 3 of the Dungeon.
You were very full.

You visited 1 branch of the dungeon, and saw 3 of its levels.

You collected 52 gold pieces.

Inventory:

Hand Weapons
 a - a +0 war axe (weapon)
Armour
 b - a +0 robe (worn)
 c - a +0 shield (worn)
Jewellery
 e - a ring of see invisible (left claw)
Wands
 o - a wand of polymorph (7)
Scrolls
 j - a scroll of amnesia {unknown}
 k - 2 scrolls of identify {unknown}
 m - a scroll of fear {unknown}
 n - a scroll of teleportation {unknown}
 q - 2 scrolls of remove curse {unknown}
Potions
 d - 2 potions of might
 g - 2 potions of flight {unknown}
 i - a potion of degeneration {unknown}
 l - a potion of resistance {unknown}
 p - a potion of brilliance {unknown}
Comestibles
 f - 3 rations
 h - 4 chunks of flesh


   Skills:
 + Level 2.7 Fighting
 * Level 3.0 Axes
 + Level 2.8 Dodging
 + Level 0.1 Stealth
 + Level 2.8 Shields


You had 3 spell levels left.
You didn't know any spells.
Your spell library was empty.

Dungeon Overview and Level Annotations

Branches:
Dungeon (3/15)

Altars:
Elyvilon


Innate Abilities, Weirdness & Mutations

You are too large for most types of armour.
You have claws for hands.
Your metabolism is lightning-fast.
You like to eat raw meat.
Your natural rate of healing is unusually fast.
You are covered in fur. (AC +1)
You have extremely tough skin. (AC +3)


Message History

Unknown command.
Unknown command.
You hit the orc priest but do no damage.
The orc priest is almost dead.
You hit the orc. You block the orc priest's attack.
The orc hits you but does no damage.
The orc wizard gestures at you while chanting.
The magic dart hits you.
* * * LOW HITPOINT WARNING * * *
Unknown command.
Unknown command.
Unknown command.
You hit the orc priest but do no damage.
The orc priest is almost dead.
You hit the orc wizard but do no damage.
You closely miss the orc. The orc hits you with a +0 short sword.
* * * LOW HITPOINT WARNING * * *
The orc priest calls down the wrath of Beogh upon you.
Pain shoots through your body!
You die... ..########### ..#.......... ............ ........... ... .<....... oo..

...... .....
#.#.# ...r.
##o..#
.....##@)#####
.=..#.oo.....#
....r..รท..[..#
............%#
####.#..###.##
..##.#.## ..#
#.##.#.# ...#
#.##...# .).#
.##.##..## ..+#


You could see an orc priest, an orc wizard, an orc and a rat (wandering).

Vanquished Creatures
  2 adders (D:2)
  2 worms (D:2)
  A dart slug (D:3)
  A leopard gecko (D:1)
  2 orcs (D:3)
  4 giant cockroaches
  6 goblins
  10 hobgoblins
  11 jackals
  6 kobolds
  A quokka (D:3)
  A ball python (D:2)
  7 bats
  6 frilled lizards
  A leopard gecko skeleton (D:2)
  10 rats
71 creatures vanquished.

Notes
Turn   | Place    | Note
-------+----------+-------------------------------------------
     0 | D:1      | Inarius the Troll Fighter began the quest for the Orb.
     0 | D:1      | Reached XP level 1. HP: 22/22 MP: 0/0
   300 | D:1      | Reached XP level 2. HP: 29/29 MP: 1/1
   931 | D:1      | Reached skill level 2 in Axes
  1078 | D:2      | Reached XP level 3. HP: 36/36 MP: 2/2
  1099 | D:2      | Found a white marble altar of Elyvilon.
  1413 | D:2      | Reached XP level 4. HP: 44/44 MP: 3/3
  1890 | D:3      | Reached skill level 3 in Axes
  1974 | D:3      | Noticed an ogre
  2096 | D:3      | Killed from afar by an orc priest

Levels and vault maps discovered:
D:1:      wander_arrival_estate, layout_loops_corners, serial_forest,
          infiniplex_forest_clump_large, infiniplex_forest_straight_3,
          infiniplex_forest_clump_long, infiniplex_forest_zigzag_1,
          infiniplex_forest_pool, infiniplex_forest_end_1,
          infiniplex_forest_clump_tiny, infiniplex_forest_clump_diagonal,
          minmay_misc_feat_x, serial_park_tiny_pond
D:2:      layout_basic, lemuel_doored_altar, kennysheep_generic_room_10
D:3:      layout_rooms, dancing_weapons_uskayaw, old_standard_altar,
          uniq_crazy_yiuf_cottage, uniq_jessica

Skill      XL: |  1  2  3  4 |
---------------+-------------+-----
Axes           | 2 3 |  3.0
Fighting       | |  2.7
Dodging        | |  2.8
Stealth        | |  0.1
Shields        | |  2.8

Action                   |  1- 3 |  4- 6 || total
-------------------------+-------+-------++-------
Melee: War axe           |   105 |    90 ||   195
 Stab: Sleeping          |       |     1 ||     1
  Eat: Chunk             |    19 |     6 ||    25
Armor: Robe              |    48 |    43 ||    91
Dodge: Dodged            |    38 |    31 ||    69
Block: Shield            |    61 |    48 ||   109

Table legend:
 A = Non-vault XP
 B = Vault XP
 C = Vault XP percentage of total XP
 D = Non-vault monster count
 E = Vault monster count
 F = Vault count percentage of total count
                 A         B        C        D         E       F
            +---------+---------+-------+---------+---------+-------
      Total |     149 |       2 |   1.3 |      70 |       1 |   1.4
            +---------+---------+-------+---------+---------+-------
        D:1 |      40 |       0 |   0.0 |      25 |       0 |   0.0
        D:2 |      78 |       2 |   2.5 |      29 |       1 |   3.3
        D:3 |      31 |       0 |   0.0 |      16 |       0 |   0.0
            +---------+---------+-------+---------+---------+-------
